 Dungeon Crawl Stone Soup version 0.26.0-10-g1f06aea511 (webtiles) character file.

Game seed: 9357432803928857459

13937 Arum the Blocker (level 12, -5/80 HPs)
             Began as a Gargoyle Fighter on Jan 18, 2021.
             Was an Elder of Okawaru.
             Slain by a centaur warrior
             ... wielding the +10 lajatang of the Exiled Persimmons {elec, Str+3 Dex+4}
              (19 damage)
             ... on level 12 of the Dungeon.
             The game lasted 00:19:58 (13534 turns).

Arum the Blocker (Gargoyle Fighter)                Turns: 13534, Time: 00:19:58

Health: -5/80      AC: 20    Str: 26    XL:     12   Next: 11%
Magic:  12/12      EV:  9    Int: 14    God:    Okawaru [****..]
Gold:   904        SH: 17    Dex:  9    Spells: 11/11 levels left

rFire    . . .     SeeInvis .   x - +3 morningstar
rCold    . . .     Faith    .   c - +0 kite shield
rNeg     + + .     Spirit   .   J - +0 scale mail (curse)
rPois    ∞         Reflect  +   (no helmet)
rElec    +         Harm     .   l - +0 cloak
rCorr    .         Rampage  .   (no gloves)
Will     .....                  z - +0 pair of boots
Stlth    ..........             K - amulet of reflection
HPRegen  0.23/turn              B - ring of positive energy
MPRegen  0.13/turn              b - +6 ring of intelligence

@: no status effects
A: negative energy resistance 1, electricity resistance, unbreathing,
petrification resistance, miasma immunity, AC +8
a: Renounce Religion, Heroism


You were on level 12 of the Dungeon.
You worshipped Okawaru.
Okawaru was greatly pleased with you.
You visited 1 branch of the dungeon, and saw 12 of its levels.
You also visited: Ossuary and Bailey.

You collected 904 gold pieces.

Inventory:

Hand Weapons
 x - a +3 morningstar (weapon)
 M - a +0 great mace of venom
Missiles
 h - 2 throwing nets (quivered)
Armour
 c - a +0 kite shield (worn)
 l - a +0 cloak (worn)
 z - a +0 pair of boots (worn)
 J - a cursed +0 scale mail (worn)
Jewellery
 b - a +6 ring of intelligence (right hand)
 i - an uncursed amulet of magic regeneration
 w - an uncursed ring of ice
 B - a ring of positive energy (left hand)
 K - an amulet of reflection (around neck)
 N - an uncursed ring of resist corrosion
 Q - an uncursed ring of magical power
 R - an uncursed amulet of faith
 S - an uncursed ring of wizardry {unknown}
Wands
 A - a wand of enslavement (2)
 G - a wand of disintegration (16)
 H - a wand of digging (4)
 O - a wand of polymorph (5)
 P - a wand of random effects (24)
Scrolls
 f - 15 scrolls of teleportation
 g - a scroll of magic mapping
 j - 12 scrolls of identify
 m - 2 scrolls of fear
 o - 4 scrolls of amnesia
 p - 3 scrolls of immolation {unknown}
 s - a scroll of torment {unknown}
 u - a scroll of blinking {unknown}
 v - 4 scrolls of enchant weapon {unknown}
 y - 2 scrolls of enchant armour {unknown}
 C - 9 scrolls of remove curse
 D - 2 scrolls of fog
 L - a scroll of noise
 U - a scroll of summoning {unknown}
 V - a scroll of silence
Potions
 a - 2 potions of invisibility
 d - 3 potions of might
 e - 2 potions of curing
 k - 3 potions of brilliance {unknown}
 n - 3 potions of heal wounds {unknown}
 q - 3 potions of mutation {unknown}
 r - a potion of resistance {unknown}
 t - 3 potions of lignification {unknown}
 E - 3 potions of flight
 F - 3 potions of haste {unknown}
Miscellaneous
 I - a lightning rod (4/4)
 T - a condenser vane


   Skills:
 + Level 11.0 Fighting
 + Level 9.9 Maces & Flails
 + Level 11.0 Armour
 + Level 11.0 Shields


You had 11 spell levels left.
You didn't know any spells.
Your spell library contained the following spells:

 Spells                   Type           Power        Failure   Level
 Beastly Appendage        Tmut           0%           67%         1
 Wereblood                Tmut           0%           80%         2
 Spider Form              Tmut/Pois      0%           95%         3
 Ice Form                 Ice/Tmut       0%           100%        4
 Blade Hands              Tmut           0%           100%        5


Dungeon Overview and Level Annotations

Branches:
Dungeon (12/15)            Temple (0/1) D:4            Lair (0/6) D:9
    Orc (0/2) D:10        Ossuary (visited)          Bailey (visited)

Altars:
Cheibriados
Fedhas
Hepliaklqana
Makhleb
Okawaru
Qazlal
Sif Muna
Trog
Uskayaw
Vehumet
Yredelemnul

Shops:
D:11 =

Annotations:
D:9 2 transporters, exclusion: obsidian statue


Innate Abilities, Weirdness & Mutations

You are resistant to torment.
Your stone body is resilient. (AC +8)
You are immune to poison.
You resist negative energy. (rN+)
You are resistant to electric shocks. (rElec)
You can survive without breathing.
You are immune to petrification.
You are immune to miasma.


Message History

You block the centaur warrior's attack.
Unknown command.
Press: ? - help, v - describe, . - travel
Here: a centaur warrior, wielding the +10 lajatang of the Exiled Persimmons {elec, Str+3 Dex+4}, wearing a cursed ring of teleportation and quivering 17 arrows (heavily wounded)
The floor, spattered with blood.
Unknown command.
You sock the centaur warrior!
The centaur warrior is severely wounded.
You hear a shout!
The centaur warrior hits you but does no damage.
You hear a roar!
You hear a shout!
Unknown command.
You barely miss the centaur warrior.
The centaur warrior is severely wounded.
The centaur warrior hits you with the +10 lajatang of the Exiled Persimmons {elec, Str+3 Dex+4}!
* * * LOW HITPOINT WARNING * * *
Unknown command.
You feel better.
The centaur warrior hits you with the +10 lajatang of the Exiled Persimmons {elec, Str+3 Dex+4}!!
You die...

# # #.# #. ##..#.# #..
###.h...# #.# ##..####
###((.# #.# ........
###..c#.# #..
.......###.(.#@#c# #^.
#.()[.#.#(#.# #^#
#.###...#.#.# #.#
#...###...#.# #.#
##########...###[..# #.#
...............###.. #..
.................### #..
......####.........###
.. #.. .....(#
#...........###..#####..


You could see a centaur warrior.

Vanquished Creatures
  A boulder beetle (D:11)
  A two-headed ogre (D:8)
  An orc knight (Bailey)
  2 ugly things (D:11)
  A komodo dragon (D:9)
  A yaktaur (D:11)
  2 kobold demonologists
  A troll (shapeshifter) (D:12)
  2 trolls
  A polar bear (shapeshifter) (D:12)
  9 yaks
  3 wyverns
  2 wraiths
  A warg (D:10)
  A water moccasin (D:12)
  9 orc warriors
  3 ice beasts
  An eye of draining (D:11)
  4 sky beasts
  2 hornet zombies
  2 phantoms
  6 black bears
  5 centaurs
  8 ogres
  2 big kobolds (D:12)
  9 bullfrogs
  2 wyvern zombies
  3 scorpions
  4 jellies
  3 wights (D:12)
  6 howler monkeys
  6 bullfrog zombies
  3 centaur zombies
  A crimson imp (D:4)
  2 hounds
  4 orc priests
  2 centaur skeletons
  2 gnoll shamans
  5 orc wizards
  3 iguanas
  11 worker ants
  2 killer bee zombies
  A hound skeleton (D:6)
  20 mummies
  3 worker ant zombies
  3 howler monkey zombies
  7 gnolls
  2 river rats (D:6)
  10 adders
  3 shadow imps
  2 white imps
  An ooze (D:7)
  2 ufetubi
  2 adder zombies
  2 adder skeletons
  A worm (D:2)
  3 dart slugs
  3 leopard geckos
  34 orcs
  4 ball pythons
  10 giant cockroaches
  10 goblins
  10 hobgoblins
  12 jackals
  5 quokkas
  13 bats
  5 frilled lizards
  A hobgoblin zombie (D:8)
  19 kobolds
  An orc zombie (D:8)
  A quokka skeleton (D:4)
  A quokka zombie (D:5)
  4 rats
334 creatures vanquished.

Vanquished Creatures (collateral kills)
  A yak (D:7)
  2 orcs (D:7)
  4 kobolds (Bailey)
7 creatures vanquished.

Vanquished Creatures (others)
  2 yaks (D:7)
  A bullfrog (D:7)
  A gnoll (Bailey)
  13 fungi (D:9)
  11 plants
  2 withered plants (Ossuary)
30 creatures vanquished.

Grand Total: 371 creatures vanquished

Notes
Turn   | Place    | Note
-------+----------+-------------------------------------------
     0 | D:1      | Arum the Gargoyle Fighter began the quest for the Orb.
     0 | D:1      | Reached XP level 1. HP: 14/14 MP: 1/1
    64 | D:1      | Reached XP level 2. HP: 19/19 MP: 2/2
   539 | D:1      | Reached XP level 3. HP: 23/23 MP: 3/3
  1096 | D:2      | Reached XP level 4. HP: 29/29 MP: 4/4
  1822 | D:3      | Found an iron altar of Okawaru.
  1828 | D:3      | Became a worshipper of Warmaster Okawaru
  2407 | D:4      | Reached XP level 5. HP: 33/33 MP: 5/5
  2515 | D:4      | Found a staircase to the Ecumenical Temple.
  2805 | D:4      | Found a stormy altar of Qazlal.
  2900 | D:4      | Found a radiant altar of Vehumet.
  2901 | D:4      | Found a burning altar of Makhleb.
  2913 | D:4      | Reached XP level 6. HP: 39/39 MP: 6/6
  2977 | D:5      | Entered Level 5 of the Dungeon
  2984 | D:4      | Reached * piety under Okawaru
  3219 | D:5      | Found a hide-covered altar of Uskayaw.
  3237 | D:5      | Reached skill level 5 in Fighting
  3237 | D:5      | Reached skill level 5 in Armour
  3237 | D:5      | Reached skill level 5 in Shields
  3237 | D:5      | Reached XP level 7. HP: 22/44 MP: 7/7
  4702 | D:6      | Reached XP level 8. HP: 51/51 MP: 8/8
  4743 | D:6      | Reached skill level 5 in Maces & Flails
  4916 | D:6      | Found a basalt altar of Yredelemnul.
  4916 | D:6      | Found a shimmering blue altar of Sif Muna.
  5009 | D:6      | Reached ** piety under Okawaru
  5049 | D:6      | Found a snail-covered altar of Cheibriados.
  5817 | D:7      | Found a bloodstained altar of Trog.
  5838 | D:7      | Reached XP level 9. HP: 55/56 MP: 9/9
  5884 | D:7      | Reached *** piety under Okawaru
  6065 | D:7      | Found a hazy altar of Hepliaklqana.
  6658 | D:8      | Found a sand-covered staircase.
  6673 | Ossuary  | Entered an ossuary
  6752 | Ossuary  | Reached **** piety under Okawaru
  6774 | Ossuary  | Reached XP level 10. HP: 55/64 MP: 10/10
  7896 | D:8      | Noticed a two-headed ogre
  7905 | D:8      | Killed a two-headed ogre
  8611 | D:9      | Reached ***** piety under Okawaru
  8697 | D:9      | Found a transporter.
  8697 | D:9      | Noticed an eight-headed hydra
  8699 | D:9      | Noticed an obsidian statue
  8699 | D:9      | Noticed a centaur warrior
  8700 | D:9      | Noticed an eight-headed hydra
  8700 | D:9      | Noticed a deep elf mage
  8738 | D:9      | Found a transporter.
  9250 | D:9      | Found a staircase to the Lair.
  9357 | D:10     | Entered Level 10 of the Dungeon
  9553 | D:10     | Found a flagged portal.
  9585 | Bailey   | Entered a bailey
  9648 | Bailey   | Noticed an orc knight
  9881 | Bailey   | Killed an orc knight
  9882 | Bailey   | Reached XP level 11. HP: 37/72 MP: 8/11
 10100 | Bailey   | Identified the +9 trident "Mefiul" {vorpal, Int+4 Stlth+}
 10720 | D:10     | Found a staircase to the Orcish Mines.
 10758 | D:10     | Reached skill level 10 in Shields
 11009 | D:10     | Reached skill level 10 in Fighting
 11009 | D:10     | Reached skill level 10 in Armour
 11019 | D:10     | Received a gift from Okawaru
 11696 | D:11     | Found Fyuramov's Jewellery Shoppe.
 12099 | D:11     | Noticed a boulder beetle
 12164 | D:11     | Killed a boulder beetle
 12393 | D:11     | Identified a scroll of acquirement
 12393 | D:11     | Acquired an uncursed amulet of reflection
 12757 | D:11     | Noticed a green ugly thing
 12758 | D:11     | Noticed a red ugly thing
 12775 | D:11     | Killed a green ugly thing
 12782 | D:11     | Killed a green ugly thing
 13170 | D:12     | Reached XP level 12. HP: 65/79 MP: 12/12
 13360 | D:12     | Found a blossoming altar of Fedhas.
 13509 | D:12     | Identified the +10 lajatang of the Exiled Persimmons {elec,
                  | Str+3 Dex+4}
 13509 | D:12     | Noticed a centaur warrior
 13534 | D:12     | Slain by a centaur warrior

Illustrated notes

Levels and vault maps discovered:
D:1:      dpeg_arrival_signposts, layout_loops_ring, minmay_heptomino_d4
D:2:      cheibrodos_old_hovel, layout_rooms
D:3:      layout_basic, okawaru_metal_pillars_3
D:4:      layout_basic, grunt_temple_overflow_lords_of_destruction,
          old_standard_altar, minmay_temple_entry_mini_moons,
          kennysheep_generic_room_4
D:5:      layout_basic, old_standard_altar
D:6:      layout_loops_ring, kennysheep_slug_shrine,
          gammafunk_temple_overflow_wave, portal_sewer_entry_b
D:7:      layout_rooms, trog_ov_bears_minmay, kennysheep_mini
D:8:      layout_gridville, nicolae_ossuary_entry_giza
D:9:      gammafunk_sealed_arena, layout_basic, grunt_lair_entry_orc_guard_hut
D:10:     layout_basic, david_orc_3, enter_bailey_5
D:11:     hangedman_cross_stitches, layout_basic, serial_shops, shop_coins,
          dk_vineyard_1
D:12:     minmay_the_grid_triangle_9x9_recursive_2_mashed
          [minmay_the_grid_triangle_9x9_prize_insulated,
          minmay_the_grid_triangle_9x9_checkered,
          minmay_the_grid_triangle_9x9_intruding_spiral,
          minmay_the_grid_triangle_9x9_steps], layout_small_grid, fedhas_altar_1

Skill      XL: |  1  2  3  4  5  6  7  8  9 10 11 12 |
---------------+-------------------------------------+-----
Shields        | 4 5 6 8 9 10 11 | 11.0
Armour         | 4 5 6 8 9 10 11 | 11.0
Fighting       | 4 5 6 8 9 10 11 | 11.0
Maces & Flails | 3 4 5 7 8 9 |  9.9

Action                   |  1- 3 |  4- 6 |  7- 9 | 10-12 || total
-------------------------+-------+-------+-------+-------++-------
Melee: Flail             |   112 |   140 |       |       ||   252
       Morningstar       |       |    53 |   343 |   720 ||  1116
Invok: Heroism           |       |       |       |     8 ||     8
Evoke: Wand              |       |       |     3 |     1 ||     4
  Use: Scroll            |       |     8 |     2 |     6 ||    16
       Potion            |       |       |       |     7 ||     7
Armor: Scale mail        |    67 |   152 |   183 |   304 ||   706
Dodge: Dodged            |    29 |    52 |   108 |   224 ||   413
Block: Kite shield       |    70 |   130 |   204 |   556 ||   960
       Reflection        |       |       |       |     4 ||     4
